 Dungeon Crawl Stone Soup version 0.21.1-1-g345015f (webtiles) character file.

243529 czar the Ninja (level 19, -12/105 HPs)
             Began as a Spriggan Enchanter on Feb 24, 2018.
             Was the Champion of Dithmenos.
             Killed from afar by a manticore (16 damage)
             ... with a volley of spikes
             ... on level 3 of the Shoals on Feb 27, 2018.
             The game lasted 04:31:29 (45780 turns).

czar the Ninja (Spriggan Enchanter)                Turns: 45780, Time: 04:31:31

Health: -12/105    AC:  5    Str:  4    XL:     19   Next: 12%
Magic:  35/35      EV: 32    Int: 21    God:    Dithmenos [******]
Gold:   1802       SH:  6    Dex: 20    Spells: 20/40 levels left

rFire    + . .     SeeInvis +   a - +0 dagger (venom)
rCold    . . .     Gourm    .   V - +0 buckler
rNeg     . . .     Faith    .   G - +2 robe {rF+}
rPois    +         Spirit   .   (helmet restricted)
rElec    .         Reflect  .   U - +0 cloak
rCorr    .         Harm     .   (gloves unavailable)
MR       +++..                  (boots unavailable)
Stlth    +++++++++.             E - amulet of magic regeneration
HPRegen  0.27/turn              j - ring of poison resistance
MPRegen  0.49/turn              f - ring of stealth

@: barbed spikes, wreathed by umbra, slow
A: very small, unfitting armour, see invisible, herbivore, speed 3, slow
metabolism 2
}: 1/15 runes: serpentine
a: Shadow Step, Shadow Form, Renounce Religion


You were on level 3 of the Shoals.
You worshipped Dithmenos.
Dithmenos was exalted by your worship.
You were not hungry.

You visited 5 branches of the dungeon, and saw 31 of its levels.
You also visited: Bailey and Ice Cave.

You collected 3170 gold pieces.
You spent 1368 gold pieces at shops.

Inventory:

Hand Weapons
 a - a +0 dagger of venom (weapon)
 m - a +3 dagger of distortion
 s - a +2 rapier of venom
 C - a +0 dagger of venom
 H - a +3 dagger of freezing
Armour
 c - a +2 robe of cold resistance
 G - a +2 robe of fire resistance (worn)
 U - a +0 cloak (worn)
 V - a +0 buckler (worn)
Jewellery
 f - a ring of stealth (right hand)
 j - a ring of poison resistance (left hand)
 A - an uncursed ring of protection from fire
 E - an amulet of magic regeneration (around neck)
 F - an uncursed ring of protection from cold
 Y - an uncursed ring of protection from magic
Wands
 b - a wand of iceblast (6)
 K - a wand of paralysis (40)
 Q - a wand of digging (36)
Scrolls
 i - 22 scrolls of remove curse
 o - a scroll of noise {unknown}
 x - 12 scrolls of teleportation
 y - 17 scrolls of identify
 T - a scroll of blinking
 W - 4 scrolls of magic mapping
 X - 2 scrolls of summoning
Potions
 e - 4 potions of haste
 g - 2 potions of flight
 h - 2 potions of ambrosia
 n - 6 potions of heal wounds
 q - 5 potions of agility
 r - 13 potions of curing
 t - 3 potions of resistance
 w - 6 potions of brilliance
 M - 5 potions of might
 Z - a potion of magic
Books
 k - a book of Burglary

   Spells                             Type                      Level
   a - Swiftness                      Charms/Air                   2
   b - Passwall                       Transmutation/Earth          2
   c - Passage of Golubria            Translocation                4
   d - Lee's Rapid Deconstruction     Earth                        5
   e - Darkness                       Hexes                        6
   f - Invisibility                   Hexes                        6
 B - a book of the Warp

   Spells                             Type                      Level
   a - Gell's Gravitas                Translocation                3
   b - Portal Projectile              Hexes/Translocation          3
   c - Force Lance                    Conjuration/Translocation    4
   d - Dispersal                      Translocation                6
   e - Controlled Blink               Translocation                8
   f - Disjunction                    Translocation                8
Miscellaneous
 l - a lightning rod (4/4)
 p - a phantom mirror
 L - a sack of spiders
 R - a crystal ball of energy
Comestibles
 d - 28 rations


   Skills:
 + Level 13.6 Fighting
 + Level 10.4 Short Blades
 - Level 16.0 Dodging
 O Level 27 Stealth
 + Level 11.3 Spellcasting
 - Level 13.0 Hexes
 + Level 13.2 Translocations
 - Level 4.1 Evocations


You had 20 spell levels left.
You knew the following spells:

 Your Spells              Type           Power        Failure   Level  Hunger
a - Corona                Hex            ######.      1%          1    None
b - Ensorcelled Hibernat  Hex/Ice        #####.       1%          2    None
c - Confuse               Hex            ######..     1%          3    None
d - Invisibility          Hex            ######..     7%          6    ######.
e - Controlled Blink      Tloc           N/A          95%         8    #######


Dungeon Overview and Level Annotations

Branches:
Dungeon (15/15)            Temple (0/1) D:6            Lair (6/6) D:11
 Shoals (4/4) Lair:4        Snake (4/4) Lair:4        Slime (0/5) Lair:5
    Orc (2/2) D:9             Elf (0/3) Orc:2        Vaults (0/5) D:14
 Depths (0/5) D:15

Altars:
Cheibriados
Dithmenos
Elyvilon
Fedhas
Gozag
Hepliaklqana
Nemelex Xobeh
Okawaru
Uskayaw
Vehumet
Yredelemnul
Zin
Beogh

Shops:
D:4 *=*   D:10 *:%(   D:11 ?   D:13 *   D:15 *   Orc:2 (!:=   Snake:1 }
Snake:2 (   Snake:3 [*

Annotations:
Lair:3 exclusion: 2 oklob plants
Lair:4 Gastronok
Shoals:3 exclusion: Roxanne, Roxanne
Orc:1 exclusion: oklob plant


Innate Abilities, Weirdness & Mutations

You are very small and have problems with some larger weapons.
You are too small for most types of armour.
You have supernaturally acute eyesight. (SInv)
You are a herbivore.
You cover ground extremely quickly.
You need consume almost no food.


Message History

The stone closely misses the dream sheep.
The stone hits the cyclops but does no damage.
You hear a splash.
The satyr shoots an arrow.
The arrow hits you!!
* * * LOW HITPOINT WARNING * * *
You hear a splash.
The faun hits you with a club.
* * * LOW HITPOINT WARNING * * *
You see here an arrow.
You feel much better.
The faun shoots a stone.
You block the stone.
You hear a splash.
The faun completely misses you.
You feel better.
The water nymph gestures at you while chanting.
The water swirls and strikes you!
* * * LOW HITPOINT WARNING * * *
The manticore flicks its tail.
The volley of spikes hits you!
The barbed spikes become lodged in your body.
You die...

≈≈≈≈≈≈.......≈..≈≈≈≈≈
≈≈≈≈≈......≈≈>≈≈≈≈≈≈≈≈≈≈≈
≈≈≈≈........≈..≈≈≈≈≈≈≈≈≈≈
..≈.....###.(..Y≈YY≈≈≈≈≈≈
.≈....$.# ##...≈≈(≈≈≈≈≈≈≈
≈≈...#.(####...§C≈≈(≈≈≈≈≈
........(.##..≈≈§§≈≈≈≈≈≈≈
.E.......([(≈≈≈Y§§§≈≈≈≈≈≈
.m≈≈........<≈≈@§§§≈≈≈≈≈.
≈≈≈≈≈...≈.......c§§≈≈≈≈≈.
.≈≈≈≈....≈....cHc§≈≈≈≈≈≈≈
..≈...≈.......≈c.≈≈≈≈≈≈≈≈
..........^...$m≈≈≈≈≈≈≈≈≈
..##....$..###≈≈≈≈≈≈≈≈≈≈
##.....?# #≈c≈≈≈..≈≈≈
###...####(≈.≈≈...≈≈
..##....≈c##.


You could see a satyr, 4 fauns, a manticore, a cyclops, a water nymph and 2
dream sheep.

Vanquished Creatures
  Jorgrun (Shoals:2)
  Frances (D:12)
  Agnes (Snake:2)
  3 nagarajas
  Aizul (Snake:1)
  Nessos (D:14)
  An ettin (Orc:2)
  A merfolk javelineer (Shoals:2)
  A fire dragon (D:15)
  3 merfolk impalers
  18 naga warriors
  The ghost of
  1994 the Arsonist, a journeyman DrFE of Vehumet (D:13)
  A vault guard (D:14)
  11 anacondas
  5 hydras
  4 merfolk avatars
  3 centaur warriors
  8 two-headed ogres
  A satyr (Shoals:2)
  Erica (Orc:1)
  2 death yaks (Lair:3)
  5 orc high priests (Orc:2)
  2 tengu warriors (D:14)
  Urug (D:14)
  13 naga sharpshooters
  4 shock serpents
  Sonja (D:14)
  Nergalle (Orc:1)
  9 skeletal warriors
  The ghost of Zleub the Spear-Bearer, a novice MfSk of Makhleb (D:8)
  A salamander mystic (Snake:4)
  7 sea snakes
  The ghost of
  1994 the Skirmisher, a novice OgBe of Trog (D:6)
  6 wizards
  4 unseen horrors
  8 naga ritualists
  A deep elf archer (D:10)
  3 wolf spider zombies
  3 harpies (Shoals:2)
  8 mana vipers
  12 orc knights
  5 deep elf magi
  3 necromancers
  15 fauns
  8 cyclopes
  8 ugly things
  9 manticores
  3 orc sorcerers
  14 salamanders
  8 merfolk sirens
  5 guardian serpents
  34 black mambas
  32 naga magi
  2 water nymphs
  Psyche (D:12)
  Joseph (D:7)
  A centaur zombie (D:15)
  Maurice (D:12)
  A torpor snail (Lair:3)
  3 gargoyles
  7 centaur skeletons
  3 elephants (Lair:6)
  11 spiny frogs
  3 rime drakes
  7 komodo dragons
  2 freezing wraiths
  6 polar bears (Lair:6)
  A harpy zombie (D:15)
  14 merfolk
  A jumping spider (shapeshifter) (D:15)
  4 trolls
  5 hornets
  2 wind drakes (Shoals:2)
  2 snapping turtles
  A harpy skeleton (D:15)
  23 blink frogs
  14 dream sheep
  13 hippogriffs
  3 slime creatures (Lair:5)
  The ghost of Canard the Conjurer, an amateur TeAE (D:4)
  Sigmund (D:3)
  A water elemental (Shoals:3)
  A shadow (D:15)
  3 wyverns
  11 spriggans
  4 basilisks
  19 humans (D:14)
  A vampire (D:10)
  65 yaks
  2 vampire mosquitoes (D:15)
  Grum (D:11)
  Menkaure (D:7)
  Edmund (D:4)
  4 wargs
  13 water moccasins
  45 nagas
  4 acid dragons
  A floating eye (shapeshifter) (D:13)
  A hornet zombie (D:15)
  43 orc warriors
  13 porcupines
  6 sky beasts
  20 ice beasts
  4 phantoms
  4 black bears
  An eye of draining (D:9)
  10 ogres
  3 boggarts (Lair:6)
  4 necrophages
  46 wolves
  3 centaurs
  19 crocodiles
  14 bullfrogs
  Blork the orc (D:6)
  A gnoll sergeant (D:7)
  5 scorpions
  2 wyvern skeletons
  3 killer bees (D:10)
  9 wights
  2 electric eels (Lair:1)
  6 howler monkeys
  16 crimson imps
  2 bullfrog zombies
  16 hounds
  24 orc wizards
  2 quasits
  6 jellies
  25 orc priests
  A gnoll shaman (D:7)
  4 iguanas
  A bullfrog skeleton (D:12)
  Natasha (twice) (D:4)
  8 worker ants
  3 hound skeletons
  Robin (D:4)
  A worker ant zombie (D:9)
  21 gnolls
  A howler monkey skeleton (D:5)
  11 adders
  A shadow imp (D:5)
  14 white imps
  An adder skeleton (D:8)
  3 worms
  3 leopard geckos
  76 orcs
  2 ball pythons
  5 giant cockroaches
  20 goblins
  12 hobgoblins
  6 jackals
  4 quokkas
  8 bats
  4 frilled lizards
  A jackal skeleton (D:4)
  A jackal zombie (D:7)
  18 kobolds
  5 rats (D:1)
1164 creatures vanquished.

Vanquished Creatures (collateral kills)
  A hornet (Lair:6)
  A spriggan (Lair:6)
2 creatures vanquished.

Vanquished Creatures (others)
  A naga mage (Snake:4)
  An orc warrior (D:15)
  A shadow imp (D:14)
  2 bushes (D:11)
  13 fungi
  18 plants
  5 tentacles (Shoals:2)
41 creatures vanquished.

Grand Total: 1207 creatures vanquished

Notes
Turn   | Place    | Note
-------+----------+-------------------------------------------
     0 | D:1      | czar the Spriggan Enchanter began the quest for the Orb.
     0 | D:1      | Reached XP level 1. HP: 9/9 MP: 5/5
   722 | D:1      | Reached XP level 2. HP: 13/13 MP: 7/7
   726 | D:1      | Learned a level 2 spell: Ensorcelled Hibernation
  1198 | D:2      | Reached XP level 3. HP: 16/16 MP: 8/8
  1201 | D:2      | Found a white marble altar of Elyvilon.
  1699 | D:2      | Reached skill level 5 in Stealth
  1860 | D:2      | Learned a level 3 spell: Confuse
  2216 | D:3      | Reached XP level 4. HP: 21/21 MP: 10/10
  2499 | D:3      | Noticed Sigmund
  2509 | D:3      | Killed Sigmund
  2509 | D:3      | Reached XP level 5. HP: 10/24 MP: 4/12
  2723 | D:3      | Found a glowing silver altar of Zin.
  2981 | D:3      | Found a sparkling altar of Nemelex Xobeh.
  2981 | D:3      | Found an opulent altar of Gozag.
  3028 | D:4      | Noticed an ogre
  3030 | D:4      | Killed an ogre
  3030 | D:4      | Reached skill level 5 in Dodging
  3030 | D:4      | Reached skill level 6 in Stealth
  3030 | D:4      | Reached XP level 6. HP: 28/28 MP: 13/13
  3036 | D:4      | Noticed Edmund
  3133 | D:4      | Found Eremubua's General Store.
  3141 | D:4      | Bought a potion of heal wounds for 65 gold pieces
  3200 | D:4      | Noticed Canard's ghost (amateur TeAE)
  3283 | D:4      | Found Omnixzoik's General Store.
  3319 | D:4      | Killed Edmund
  3319 | D:4      | Reached skill level 5 in Hexes
  3327 | D:4      | Bought a scroll of teleportation for 39 gold pieces
  3574 | D:4      | Reached XP level 7. HP: 30/32 MP: 7/15
  3622 | D:4      | Noticed Robin
  3752 | D:4      | Found Enijair's Jewellery Shop.
  3753 | D:4      | Noticed Natasha
  3759 | D:5      | Entered Level 5 of the Dungeon
  3820 | D:5      | Reached skill level 5 in Spellcasting
  3848 | D:5      | Reached skill level 7 in Stealth
  4345 | D:5      | Reached XP level 8. HP: 36/36 MP: 13/17
  4750 | D:6      | Reached skill level 8 in Stealth
  4760 | D:6      | Noticed 1994's ghost (novice OgBe)
  4794 | D:6      | Killed 1994's ghost
  4794 | D:6      | Reached skill level 1 in Fighting
  4794 | D:6      | Reached skill level 5 in Short Blades
  4794 | D:6      | Reached skill level 9 in Stealth
  5166 | D:6      | Noticed Blork the orc
  5192 | D:6      | Killed Blork the orc
  5302 | D:6      | Found an iron altar of Okawaru.
  5304 | D:6      | Found a shadowy altar of Dithmenos.
  5308 | D:6      | Found a hide-covered altar of Uskayaw.
  5312 | D:6      | Became a worshipper of Dithmenos the Shadowed
  5348 | D:6      | Reached XP level 9. HP: 43/43 MP: 19/19
  5646 | D:6      | Found a staircase to the Ecumenical Temple.
  5932 | D:7      | Noticed Joseph
  5960 | D:7      | Killed Joseph
  5960 | D:7      | Reached skill level 10 in Stealth
  6248 | D:4      | Killed Robin
  6400 | D:4      | Killed Canard's ghost
  6456 | D:4      | Found a hazy altar of Hepliaklqana.
  6739 | D:4      | Killed Natasha
  7003 | D:4      | Noticed Natasha
  7021 | D:4      | Killed Natasha
  7036 | D:4      | Found a basalt altar of Yredelemnul.
  7036 | D:4      | Found a snail-covered altar of Cheibriados.
  7419 | D:7      | Reached * piety under Dithmenos
  7630 | D:7      | Reached skill level 11 in Stealth
  8064 | D:7      | Noticed Menkaure
  8068 | D:7      | Killed Menkaure
  8207 | D:7      | You fall through a shaft for 3 floors!
  8207 | D:10     | Entered Level 10 of the Dungeon
  8208 | D:10     | Reached XP level 10. HP: 45/49 MP: 20/20
  8220 | D:10     | Noticed a gargoyle
  8232 | D:10     | Killed a gargoyle
  8263 | D:10     | Reached skill level 10 in Dodging
  8288 | D:10     | Reached skill level 12 in Stealth
  8314 | D:10     | Reached ** piety under Dithmenos
  8437 | D:7      | Reached skill level 5 in Fighting
  8631 | D:8      | Noticed a two-headed ogre
  8637 | D:8      | Killed a two-headed ogre
  8670 | D:8      | Noticed Zleub's ghost (novice MfSk)
  8798 | D:8      | Found a flagged portal.
  8819 | Bailey   | Entered a bailey
  9148 | Bailey   | Noticed an orc knight
  9167 | Bailey   | Killed an orc knight
  9401 | D:8      | Reached *** piety under Dithmenos
  9467 | D:8      | Killed Zleub's ghost
  9467 | D:8      | Reached skill level 13 in Stealth
  9467 | D:8      | Reached XP level 11. HP: 56/56 MP: 9/21
  9672 | D:9      | Found a blossoming altar of Fedhas.
  9734 | D:9      | Found a radiant altar of Vehumet.
  9935 | D:9      | Found a staircase to the Orcish Mines.
 10226 | D:10     | Reached **** piety under Dithmenos
 10234 | D:10     | Noticed a two-headed ogre
 10239 | D:10     | Killed a two-headed ogre
 10482 | D:10     | Noticed a deep elf archer
 10504 | D:10     | Killed a deep elf archer
 10558 | D:10     | Found Qaxin's Book Shoppe.
 10704 | D:10     | Found Hiph's Antique Weapon Shoppe.
 10756 | D:10     | Found Hahuem's Food Shoppe.
 10920 | D:10     | Reached skill level 14 in Stealth
 10939 | D:10     | Found Isuanun's General Store.
 10998 | D:11     | Noticed an unseen horror
 11002 | D:11     | Killed an unseen horror
 11225 | D:11     | Noticed a seven-headed hydra
 11228 | D:11     | Killed a seven-headed hydra
 11310 | D:11     | Noticed Grum
 11328 | D:11     | Killed Grum
 11383 | D:11     | Reached XP level 12. HP: 36/61 MP: 5/22
 11391 | D:11     | Reached skill level 10 in Short Blades
 11747 | D:11     | Reached skill level 10 in Hexes
 11867 | D:11     | Found a staircase to the Lair.
 11990 | D:11     | Found Wulyibit's Magic Scroll Boutique.
 12026 | D:11     | Reached ***** piety under Dithmenos
 12153 | D:11     | Reached skill level 15 in Stealth
 12317 | Lair:1   | Entered Level 1 of the Lair of Beasts
 12375 | Lair:1   | Found a frozen archway.
 12397 | IceCv    | Entered an ice cave
 13119 | Lair:1   | Reached skill level 16 in Stealth
 14393 | Lair:2   | Noticed Gastronok
 14555 | Lair:2   | Reached XP level 13. HP: 68/68 MP: 14/23
 14966 | Lair:2   | Reached skill level 15 in Dodging
 15312 | Lair:3   | Reached skill level 17 in Stealth
 16346 | Lair:4   | Found a staircase to the Snake Pit.
 16545 | Lair:4   | Found a staircase to the Shoals.
 17547 | Lair:5   | Found a staircase to the Slime Pits.
 17555 | Lair:5   | Reached skill level 18 in Stealth
 17559 | Lair:5   | Reached ****** piety under Dithmenos
 18624 | Lair:6   | Entered Level 6 of the Lair of Beasts
 18888 | Lair:6   | Reached skill level 19 in Stealth
 19546 | Lair:6   | Reached XP level 14. HP: 75/75 MP: 24/24
 19963 | Lair:6   | Reached skill level 20 in Stealth
 20546 | Lair:6   | Reached skill level 10 in Fighting
 21638 | Lair:6   | Reached skill level 21 in Stealth
 21924 | Orc:1    | Entered Level 1 of the Orcish Mines
 21970 | Orc:1    | Noticed Nergalle
 21991 | Orc:1    | Killed Nergalle
 22477 | Orc:2    | Entered Level 2 of the Orcish Mines
 22825 | Orc:1    | Noticed Erica
 22831 | Orc:1    | Killed Erica
 22909 | Orc:1    | Found a roughly hewn altar of Beogh.
 23374 | Orc:2    | Found a staircase to the Elven Halls.
 25336 | Orc:2    | Reached skill level 22 in Stealth
 26314 | Orc:2    | Reached XP level 15. HP: 82/82 MP: 17/25
 26321 | Orc:2    | Found Qeuseum's Weapon Shoppe.
 26326 | Orc:2    | Found Irhol's Book Emporium.
 26326 | Orc:2    | Found Xasiuk's Distillery.
 26327 | Orc:2    | Found Conudo's Jewellery Shoppe.
 26336 | Orc:2    | Bought a book of Burglary for 1050 gold pieces
 26343 | Orc:2    | Learned a level 6 spell: Invisibility
 26348 | Orc:2    | Bought a potion of ambrosia for 104 gold pieces
 26348 | Orc:2    | Bought a potion of heal wounds for 65 gold pieces
 26628 | Snake:1  | Entered Level 1 of the Snake Pit
 26923 | Snake:1  | Noticed Aizul
 26930 | Snake:1  | Killed Aizul
 26930 | Snake:1  | Reached skill level 23 in Stealth
 27001 | Snake:1  | Found Jumn's Gadget Boutique.
 27174 | Snake:1  | Noticed a nagaraja
 27223 | Snake:2  | Found Xaqol's Weapon Boutique.
 27489 | Snake:2  | Noticed Agnes
 27491 | Snake:2  | Killed Agnes
 28754 | Snake:1  | Reached skill level 24 in Stealth
 28789 | Snake:1  | Reached skill level 1 in Evocations
 29083 | Snake:3  | Noticed a nagaraja
 29087 | Snake:3  | Killed a nagaraja
 29173 | Snake:3  | Found Opticit's General Store.
 29173 | Snake:3  | Found Tima's Armour Shoppe.
 29224 | Snake:3  | Bought a scroll of magic mapping for 45 gold pieces
 29287 | Snake:3  | Learned a level 8 spell: Controlled Blink
 29348 | Snake:3  | Noticed a nagaraja
 29405 | Snake:3  | Reached skill level 1 in Translocations
 30424 | Shoals:1 | Entered Level 1 of the Shoals
 30448 | Shoals:1 | Reached XP level 16. HP: 88/88 MP: 26/26
 31112 | Shoals:2 | Noticed a kraken
 31585 | Shoals:2 | Noticed a kraken
 31682 | Shoals:2 | Reached skill level 25 in Stealth
 31945 | Shoals:2 | Reached skill level 5 in Translocations
 32071 | Shoals:2 | Noticed Jorgrun
 32078 | Shoals:2 | Killed Jorgrun
 32600 | Shoals:3 | Noticed Roxanne
 35396 | Lair:3   | Reached XP level 17. HP: 94/94 MP: 26/29
 35560 | D:12     | Noticed Maurice
 35567 | D:12     | Killed Maurice
 35628 | D:12     | Noticed Psyche
 35635 | D:12     | Killed Psyche
 35690 | D:12     | Reached skill level 26 in Stealth
 35791 | D:12     | Noticed Frances
 35802 | D:12     | Killed Frances
 35973 | D:12     | Identified the Grimoire of Sand
 36259 | D:12     | Reached XP level 18. HP: 98/98 MP: 27/30
 36261 | D:12     | Identified the Grimoire of Combed Thunderclap
 36268 | D:12     | Identified the Handbook of Axaxaxas mlö
 36446 | D:13     | Found Ubiusipn's Assorted Antiques.
 36583 | D:13     | Noticed 1994's ghost (journeyman DrFE)
 36594 | D:13     | Killed 1994's ghost
 37672 | D:14     | Reached skill level 10 in Translocations
 37684 | D:14     | Noticed Nessos
 37686 | D:14     | Killed Nessos
 37911 | D:14     | Found a gate to the Vaults.
 38056 | D:14     | Noticed Urug
 38066 | D:14     | Killed Urug
 38566 | D:14     | Noticed Sonja
 38571 | D:14     | Killed Sonja
 39314 | D:15     | Entered Level 15 of the Dungeon
 39677 | D:15     | Found Amev's General Store.
 39755 | D:15     | Reached skill level 27 in Stealth
 40175 | D:15     | Found a staircase to the Depths.
 40674 | Snake:4  | Entered Level 4 of the Snake Pit
 40804 | Snake:4  | Reached skill level 10 in Spellcasting
 43319 | Snake:3  | Reached XP level 19. HP: 105/105 MP: 35/35
 45068 | Snake:4  | Got a serpentine rune of Zot
 45459 | Shoals:4 | Entered Level 4 of the Shoals
 45780 | Shoals:3 | HP: 4/105 [water nymph/the raging water (37)]
 45780 | Shoals:3 | Killed from afar by a manticore

Skill      XL: |  1  2  3  4  5  6  7  8  9 10 11 12 13 14 15 16 17 18 19 |
---------------+----------------------------------------------------------+-----
Spellcasting   | 3 4 5 6 7 11 | 11.3
Short Blades   | 2 3 4 5 6 8 9 10 | 10.4
Stealth        | 5 6 7 9 11 13 14 16 19 22 24 25 26 27 | 27.0
Hexes          | 4 5 6 7 8 9 10 11 13 | 13.0
Dodging        | 4 5 6 7 9 11 12 14 16 | 16.0
Fighting       | 2 4 5 6 7 9 11 12 13 | 13.6
Evocations     | 3 4 |  4.1
Translocations | 2 9 12 13 | 13.2

Action                   |  1- 3 |  4- 6 |  7- 9 | 10-12 | 13-15 | 16-18 | 19-21 || total
-------------------------+-------+-------+-------+-------+-------+-------+-------++-------
Melee: Dagger            |   117 |    58 |   333 |   668 |   803 |   754 |    91 ||  2824
 Cast: Corona            |     8 |     1 |     1 |       |       |       |       ||    10
       Ensorcelled Hiber |    14 |    21 |    51 |   177 |   295 |    82 |     1 ||   641
       Confuse           |       |     2 |    39 |    69 |   255 |   267 |    59 ||   691
       Invisibility      |       |       |       |       |     2 |     3 |       ||     5
Invok: Shadow Step       |       |       |       |     1 |     8 |     8 |       ||    17
Evoke: Wand              |       |       |       |       |     1 |     2 |       ||     3
  Use: Scroll            |     5 |     2 |     1 |     8 |    11 |     1 |     1 ||    29
       Potion            |       |     1 |       |       |     5 |     9 |     2 ||    17
 Stab: Sleeping          |    25 |    18 |    45 |   151 |   261 |   182 |     1 ||   683
       Confused          |       |     2 |    28 |    51 |   111 |   126 |    25 ||   343
       Distracted        |       |       |       |     7 |     5 |    11 |     1 ||    24
       Invisible         |       |       |       |       |       |    12 |       ||    12
  Eat: Ration            |       |     1 |     3 |     4 |    12 |     8 |     1 ||    29
Armor: Robe              |    17 |     6 |     6 |     5 |     8 |    20 |     3 ||    65
Dodge: Dodged            |    94 |    36 |   174 |   486 |   716 |   628 |   118 ||  2252
Block: Buckler           |       |       |       |       |       |    75 |    20 ||    95
